[Event "Team 45 45 League T75"]
[Site "Internet Chess Club"]
[Date "2018.02.11"]
[Round "8"]
[White "fishhead"]
[Black "elmaestro"]
[Result "1-0"]
[WhiteElo "1748"]
[BlackElo "1681"]
[Opening "Sicilian: Najdorf, Göteborg (Argentine) variation"]
[ECO "B98"]
[Time "12:07:07"]
[TimeControl "2700+45"]

1. e4 c5 2. Nf3 d6 3. d4 cxd4 4. Nxd4 Nf6 5. Nc3 a6 6. Bg5 e6 7. f4 Be7 8. Qf3
h6 9. Bh4 g5 10. fxg5 Nfd7 11. Bd3 Ne5 12. Qe2 Bxg5 13. Bg3 Nbc6 14. Nxc6 bxc6
15. Qf2 Rb8 16. O-O Qb6 17. Qxb6 Rxb6 18. b3 Nxd3 19. cxd3 Be3+ 20. Kh1 e5 21.
Rf6 Be6 22. h3 Bg5 23. Rf3 O-O 24. Bf2 c5 25. Na4 Rb7 26. Nb2 f5 27. Nc4 Bxc4
28. bxc4 fxe4 29. dxe4 Rb2 30. Kg1 Rxf3 31. gxf3 Rb4 32. Rd1 Be7 33. Rc1 Kf7 34.
Rc2 a5 35. Kg2 a4 36. Be1 Rb1 37. Bc3 a3 38. Kg3 Bg5 39. h4 Be3 40. Kg4 Bd4 41.
Kf5 Rf1 42. Kg4 Kg6 43. h5+ Kf6 44. Bd2 Rf2 45. Kg3 Re2 46. Bg5+ Kxg5 47. Rxe2
Kxh5 48. Rd2 Kg5 49. Rd3 h5 50. Rxa3 h4+ 51. Kg2 Kf4 52. Ra8 h3+ 53. Kxh3 Kxf3
54. a4 Kxe4 55. a5 Bc3 56. a6 Ba5 57. Rb8 Kd4 58. a7 Kxc4 59. a8=Q Bb4 60. Qe4+
Kc3 61. Rd8 c4 62. Rc8 Bc5 63. Kg4 Kb3 64. Qd5 Kb4 65. Kf3 {Black resigns} 1-0

[Event "Team 45 45 League T75"]
[Site "Internet Chess Club"]
[Date "2018.02.13"]
[Round "8"]
[White "ascoli"]
[Black "room-matt"]
[Result "1/2-1/2"]
[WhiteElo "1669"]
[BlackElo "1784"]
[Opening "English: symmetrical variation"]
[ECO "A37"]
[Time "11:03:00"]
[TimeControl "2700+45"]

1. c4 g6 2. Nc3 Bg7 3. g3 c5 4. Bg2 Nc6 5. Nf3 e6 6. d4 cxd4 7. Nb5 d6 8. Nfxd4
Nxd4 9. Nxd4 Ne7 10. e4 Qa5+ 11. Bd2 Qb6 12. Bc3 O-O 13. O-O f5 14. b3 Bd7 15.
Ne2 Bxc3 16. Nxc3 Rad8 17. Qe2 f4 18. Qf3 fxg3 19. Qxg3 e5 20. Rfd1 Rf6 21. Rd2
Rdf8 22. Rad1 Bc6 23. Re1 Qc5 24. Qe3 b6 25. Qxc5 bxc5 26. Red1 Nc8 27. Bh3 Rf3
28. Be6+ Kg7 29. Nd5 Nb6 30. Nxb6 axb6 31. Rxd6 Bxe4 32. R1d2 Rc3 33. Bg4 Rf6
34. Rd7+ Rf7 35. Rxf7+ Kxf7 36. Kf1 h5 37. Bd1 Rh3 38. Kg1 Ke6 39. Re2 Kf5 40.
Bc2 Bxc2 41. Rxc2 Rd3 42. Kg2 g5 43. Re2 g4 44. Rc2 Kf4 45. Kf1 e4 46. Rb2 Kf3
47. Ke1 h4 48. a3 Kg2 49. f4+ Kf3 50. Rf2+ Ke3 51. f5 Rxb3 52. Re2+ Kd4 53. f6
Rf3 54. Rf2 Rxf2 55. Kxf2 e3+ 56. Ke2 g3 57. hxg3 hxg3 58. Kf3 Kd3 59. f7 e2 60.
f8=Q e1=Q 61. Qf5+ Kxc4 62. Qf7+ Kc3 63. Qf6+ Kc2 64. Qxb6 Qf2+ 65. Kg4 g2 66.
Qg6+ Kb3 67. Qb6+ Kxa3 68. Qa5+ Kb3 69. Qb5+ Kc3 70. Qa5+ Kd3 71. Qa3+ Ke4 72.
Qa4+ Qd4 73. Qe8+ Kd3+ 74. Kh3 g1=Q 75. Qe2+ Kc3 76. Qc2+ Kb4 77. Qb3+ Ka5 78.
Qb5+ Kxb5 {White stalemated} 1/2-1/2

[Event "Team 45 45 League T75"]
[Site "Internet Chess Club"]
[Date "2018.02.11"]
[Round "8"]
[White "zap2"]
[Black "a-man"]
[Result "0-1"]
[WhiteElo "1709"]
[BlackElo "1690"]
[Opening "Réti opening"]
[ECO "A04"]
[Time "09:01:08"]
[TimeControl "2700+45"]

1. Nf3 c5 2. d3 g6 3. g3 Bg7 4. Bg2 Nf6 5. e4 O-O 6. Nbd2 Nc6 7. c3 d5 8. O-O
Bg4 9. h3 Bxf3 10. Qxf3 Ne5 11. Qe2 dxe4 12. dxe4 Rb8 13. Nc4 Nfd7 14. Rd1 Qc7
15. Nxe5 Nxe5 16. f4 Nc6 17. e5 Rfd8 18. Be3 b6 19. Rxd8+ Rxd8 20. Rd1 Nb8 21.
Rd3 Nd7 22. Qd1 Bf8 23. Bd5 e6 24. Bc4 Qc6 25. a4 Qe4 26. Bb5 c4 27. Bxc4 Qxc4
28. Rxd7 Rxd7 29. Qxd7 Qe4 30. Qd2 Qxa4 31. b4 a5 32. Bxb6 axb4 33. cxb4 Bxb4
34. Qd8+ Bf8 35. Bc7 Qa1+ 36. Kg2 Qb2+ 37. Kf3 Qc3+ 38. Kg4 Kg7 39. Bd6 Bxd6 40.
exd6 Qc2 41. Kh4 Qe2 42. Qg5 f6 43. Qg4 Qxg4+ 44. Kxg4 Kf7 45. Kf3 Ke8 46. g4
Kd7 47. g5 fxg5 48. fxg5 Kxd6 49. Ke4 e5 50. Kf3 Kd5 51. h4 Kd4 52. Ke2 Ke4 53.
Kf2 Kd3 54. Ke1 e4 55. Kd1 e3 56. Ke1 e2 57. Kf2 Kd2 58. Kf3 e1=Q 59. Kg4 Qe4+
60. Kg3 Ke2 61. Kh3 Kf2 {White resigns} 0-1

[Event "Team 45 45 League T75"]
[Site "Internet Chess Club"]
[Date "2018.02.11"]
[Round "8"]
[White "ColourfulChess"]
[Black "LinceHispano44"]
[Result "1/2-1/2"]
[WhiteElo "1730"]
[BlackElo "1694"]
[Opening "English opening"]
[ECO "A13"]
[Time "15:00:17"]
[TimeControl "2700+45"]

1. c4 e6 2. g3 c5 3. Bg2 Nf6 4. Nf3 Be7 5. O-O d5 6. d4 dxc4 7. dxc5 Qxd1 8.
Rxd1 Bxc5 9. Ne5 O-O 10. Nc3 Na6 11. Bg5 Be7 12. Ne4 h6 13. Bxf6 gxf6 14. Nxc4
Nc5 15. Nxc5 Bxc5 16. Rac1 Be7 17. e4 e5 18. Ne3 Rd8 19. Nd5 Kf8 20. Nxe7 Rxd1+
21. Rxd1 Kxe7 22. f4 Be6 23. a3 Rd8 24. Rxd8 Kxd8 25. Kf2 Kc7 26. Ke3 Kb6 27.
Kd3 Kc5 28. Kc3 a5 29. b3 b6 30. Bf1 b5 31. b4+ axb4+ 32. axb4+ Kc6 33. f5 Bd7
34. Be2 Kd6 35. Kd3 Ke7 36. Ke3 Kf8 37. Bd1 Bc6 38. Bb3 Ke7 39. Kf3 Kf8 40. h4
Kg7 41. g4 Bb7 42. Bd5 Bxd5 43. exd5 Kf8 44. d6 Ke8 45. Ke4 Kd8 46. Kd5 Kd7 47.
Kc5 e4 48. Kd4 e3 49. Kxe3 Kxd6 50. Ke4 Kc6 51. Ke3 Kd5 52. Kd3 {Game drawn by
mutual agreement} 1/2-1/2

[Event "Team 45 45 League T75"]
[Site "Internet Chess Club"]
[Date "2018.02.11"]
[Round "8"]
[White "suicidepawn"]
[Black "Fianchettoed"]
[Result "1/2-1/2"]
[WhiteElo "1836"]
[BlackElo "1764"]
[Opening "Caro-Kann: Tartakower (Nimzovich) variation"]
[ECO "B15"]
[Time "18:00:15"]
[TimeControl "2700+45"]

1. e4 c6 2. d4 d5 3. Nc3 dxe4 4. Nxe4 Nf6 5. Nxf6+ exf6 6. Nf3 Bd6 7. Bc4 O-O 8.
O-O Re8 9. Bd2 Bg4 10. c3 Qc7 11. h3 Bh5 12. Bd3 Nd7 13. Re1 Rxe1+ 14. Qxe1 Bxf3
15. gxf3 Nf8 16. Qe4 Qd7 17. Qg4 Qxg4+ 18. hxg4 Re8 19. b4 Ne6 20. a4 Nf4 21.
Bf1 Nd5 22. b5 Bf4 23. Bxf4 Nxf4 24. bxc6 bxc6 25. Rb1 g6 26. Rb7 Re1 27. Rxa7
Ne2+ 28. Kg2 Nxc3 29. Bc4 Nd5 30. Bxd5 cxd5 31. Ra8+ Kg7 32. Ra5 Ra1 33. f4 f5
34. g5 Ra3 35. Kf1 Ra2 36. Ke1 h5 37. gxh6+ Kxh6 38. Ra7 Kg7 39. Ra5 Kf6 40.
Rxd5 Rxa4 41. Ke2 Ke6 42. Re5+ Kd6 43. Kd3 Ra3+ 44. Kc4 Ra4+ 45. Kc3 Ra3+ 46.
Kb4 Ra2 47. f3 Rf2 48. Kc4 Rxf3 49. Ra5 Rxf4 50. Ra6+ Ke7 51. Kc5 Rf1 52. Kd5 g5
53. Ke5 f6+ 54. Kd5 g4 55. Ra7+ Kf8 56. Ke6 g3 57. Kxf6 Ke8 58. Ke6 Kd8 59. Rg7
f4 60. d5 Re1+ 61. Kd6 Ke8 62. Rg4 f3 63. Rg8+ Kf7 64. Rxg3 Re3 65. Kd7 f2 66.
Rxe3 f1=Q 67. Re7+ Kf8 68. d6 Qb5+ 69. Kc8 Qc6+ 70. Rc7 Qxd6 71. Rd7 Qxd7+ 72.
Kxd7 {Game drawn because neither player has mating material} 1/2-1/2

[Event "Team 45 45 League T75"]
[Site "Internet Chess Club"]
[Date "2018.02.08"]
[Round "8"]
[White "bradleyguo175"]
[Black "chess2009"]
[Result "1-0"]
[WhiteElo "1837"]
[BlackElo "1630"]
[Opening "QGD: Tartakower (Makagonov-Bondarevsky) system"]
[ECO "D58"]
[Time "18:15:43"]
[TimeControl "2700+45"]

1. d4 e6 2. c4 d5 3. Nc3 Nf6 4. Nf3 Be7 5. Bg5 O-O 6. e3 h6 7. Bh4 b6 8. cxd5
exd5 9. Bd3 Bg4 10. O-O Nbd7 11. h3 Bh5 12. g4 Bg6 13. Bxg6 fxg6 14. Ne5 Qe8 15.
Qb3 Rd8 16. Nxd5 Nxd5 17. Qxd5+ Kh7 18. Bxe7 Qxe7 19. Nc6 Qh4 20. Nxd8 Rxd8 21.
Kg2 Nf8 22. Qc6 Rd7 23. f4 Re7 24. Rf3 Ne6 25. Rc1 g5 26. f5 Nd8 27. Qg6+ Kh8
28. f6 Rf7 29. fxg7+ Kg8 30. Rxf7 Nxf7 31. Rxc7 Qe1 32. Qxf7+ Kh7 33. Qf5+ Kg8
34. Qf7+ Kh7 35. g8=Q# {Black checkmated} 1-0

[Event "Team 45 45 League T75"]
[Site "Internet Chess Club"]
[Date "2018.02.09"]
[Round "8"]
[White "ILRE"]
[Black "filmdirector"]
[Result "0-1"]
[WhiteElo "1608"]
[BlackElo "1673"]
[Opening "Queen's pawn game"]
[ECO "D02"]
[Time "15:05:04"]
[TimeControl "2700+45"]

1. d4 d5 2. Nf3 Bf5 3. Bf4 e6 4. e3 Bd6 5. Bg3 Nd7 6. c4 Bxg3 7. hxg3 h6 8. Nc3
c6 9. Qb3 Qc7 10. Be2 Ngf6 11. Nd2 O-O 12. Qd1 e5 13. g4 exd4 14. exd4 Bg6 15.
O-O Rfe8 16. Rc1 Qf4 17. Nb3 Rxe2 18. Nxe2 Qxg4 19. cxd5 Qh4 20. Qd2 Ng4 21. Qf4
Re8 22. Qg3 Qg5 23. Nf4 Ndf6 24. f3 Re3 25. Rfe1 Bf5 26. Rxe3 Nxe3 27. Qxg5 hxg5
28. Ne2 Nexd5 29. Nc5 Bc8 30. Kf2 Nb4 31. a3 Nbd5 32. g3 Kf8 33. Nc3 Ne7 34.
N5e4 Nh7 35. Nd6 Be6 36. Nxb7 Nf5 37. Ne2 Bd5 38. Nc5 Nf6 39. Nd3 g4 40. f4 Bf3
41. Ne5 Ne4+ 42. Ke1 Ne3 43. Nxf3 gxf3 44. Nc3 Ng2+ 45. Kf1 Ne3+ 46. Ke1 Ng2+
47. Kf1 Ne3+ 48. Kg1 f2+ 49. Kh1 Nxg3+ 50. Kh2 f1=Q 51. Rxf1 Ngxf1+ 52. Kg1 Nd2
53. Kf2 Nec4 54. Ke2 Nb3 55. Kd3 Nb6 56. Ke4 Ke7 57. f5 g5 58. Ne2 Nd5 59. Ng3
Nf4 60. Nf1 f6 61. Ke3 Kd6 62. Ng3 Kd5 63. Nf1 Nxd4 64. Nh2 Nxf5+ 65. Kf3 {White
resigns} 0-1

[Event "Team 45 45 League T75"]
[Site "Internet Chess Club"]
[Date "2018.02.12"]
[Round "8"]
[White "anishio"]
[Black "bennywins"]
[Result "1-0"]
[WhiteElo "1644"]
[BlackElo "1501"]
[Opening "Ruy Lopez: Caro variation"]
[ECO "C70"]
[Time "18:30:15"]
[TimeControl "2700+45"]

1. e4 e5 2. Nf3 Nc6 3. Bb5 a6 4. Ba4 b5 5. Bb3 Nf6 6. O-O Be7 7. c3 O-O 8. d4
exd4 9. e5 Ne4 10. cxd4 d5 11. exd6 Qxd6 12. Nc3 Nf6 13. h3 Rd8 14. Be3 Bb7 15.
Ng5 Rf8 16. Nge4 Nxe4 17. Nxe4 Qg6 18. Bc2 Nb4 19. f3 Nxc2 20. Qxc2 Bd6 21. Bf2
Rae8 22. Rfe1 f5 23. Qb3+ Kh8 24. Nxd6 Qxd6 25. Rac1 Bd5 26. Qc3 Rxe1+ 27. Rxe1
Bxa2 28. Rc1 Rf7 29. Qc6 Bc4 30. Qxd6 cxd6 31. b3 Be6 32. Rc6 Rd7 33. b4 h6 34.
Rxa6 Bc4 35. Bg3 d5 36. Kf2 Re7 37. Be5 Kh7 38. h4 g6 39. Rf6 Ra7 40. h5 gxh5
41. Rxf5 Ra2+ 42. Kg1 h4 43. Rh5 Ra1+ 44. Kh2 Kg6 45. Rxh4 Rb1 46. Bd6 Kg5 47.
Be7+ Kg6 48. Bf8 h5 49. g4 hxg4 50. Rxg4+ Kf5 51. Kg3 Rh1 52. Rf4+ Kg5 53. Be7+
Kh5 54. Rg4 Bf1 55. Kf4 Bh3 56. Rh4+ Kg6 57. Kg3 Re1 58. Kxh3 Rxe7 59. Kg4 Rc7
60. Rh5 Rd7 61. f4 Rd6 62. f5+ Kg7 63. Kg5 Rc6 64. Rh3 Rd6 65. Rc3 Ra6 66. Rc5
Ra4 67. Rxb5 Kf7 {Black resigns} 1-0

[Event "Team 45 45 League T75"]
[Site "Internet Chess Club"]
[Date "2018.02.09"]
[Round "8"]
[White "LookImYourVader"]
[Black "Egmont"]
[Result "1-0"]
[WhiteElo "1806"]
[BlackElo "1667"]
[Opening "Caro-Kann: Panov-Botvinnik attack, 5...e6"]
[ECO "B14"]
[Time "13:00:27"]
[TimeControl "2700+45"]

1. c4 c6 2. e4 d5 3. exd5 cxd5 4. d4 Nf6 5. Nc3 e6 6. Nf3 Bd6 7. Bg5 Nbd7 8. Bd3
dxc4 9. Bxc4 Qa5 10. O-O a6 11. Re1 O-O 12. Qb3 b5 13. Bxe6 Bxh2+ 14. Kxh2 fxe6
15. Rxe6 b4 16. Re5+ {Black resigns} 1-0

[Event "Team 45 45 League T75"]
[Site "Internet Chess Club"]
[Date "2018.02.11"]
[Round "8"]
[White "Goli"]
[Black "a-man"]
[Result "1-0"]
[WhiteElo "1718"]
[BlackElo "1675"]
[Opening "Sicilian: Alapin's variation (2.c3)"]
[ECO "B22"]
[Time "17:30:19"]
[TimeControl "2700+45"]

1. e4 c5 2. c3 Nf6 3. e5 Nd5 4. d4 cxd4 5. cxd4 g6 6. Bc4 Nb6 7. Bb3 Bg7 8. Nf3
O-O 9. O-O Nc6 10. h3 d6 11. Bf4 dxe5 12. dxe5 Qc7 13. Qe2 Bf5 14. Nc3 Rad8 15.
Rfe1 Bd3 16. Qe3 Qc8 17. Rad1 Bc4 18. Bc2 Nb4 19. Bb1 N6d5 20. Nxd5 Nxd5 21. Qc1
Nxf4 22. Qxf4 Rxd1 23. Rxd1 Be2 24. Rc1 Qd7 25. Re1 Bb5 26. Nd4 Bc4 27. Nf5 Bd5
28. Nxg7 Kxg7 29. Qd4 Qc6 30. f3 b6 31. Be4 Bxe4 32. Rxe4 Kg8 33. Qd2 Rc8 34.
Re2 a5 35. a3 a4 36. Qe3 b5 37. b3 Qc1+ 38. Kh2 Qxa3 39. bxa4 Qxa4 40. Qg5 Qc4
41. Re4 Qc7 42. Rh4 f6 43. Qh6 Qxe5+ 44. f4 Qc7 45. Qxh7+ Kf8 46. Qxg6 e6 47.
Rh8+ Ke7 48. Rh7+ Kd6 49. Rxc7 Rxc7 50. Qxf6 b4 51. Qd4+ Ke7 52. Qxb4+ Kf6 53.
Qf8+ Kg6 54. Qd6 Rf7 55. Qxe6+ Rf6 56. f5+ Kg5 57. h4+ Kxh4 58. Qxf6+ Kg4 59.
Qg6+ Kf4 60. f6 Ke3 61. f7 Ke2 62. f8=Q Ke1 63. Qe6+ Kd2 64. Qd8+ Kc3 65. Qc6+
Kb4 66. Qb8+ Ka5 67. Qca8# {Black checkmated} 1-0

[Event "Team 45 45 League T75"]
[Site "Internet Chess Club"]
[Date "2018.02.12"]
[Round "8"]
[White "RonaldoR"]
[Black "AVEMARIA"]
[Result "1-0"]
[WhiteElo "1560"]
[BlackElo "1568"]
[Opening "Caro-Kann: Tartakower (fantasy) variation"]
[ECO "B12"]
[Time "07:00:37"]
[TimeControl "2700+45"]

1. e4 c6 2. d4 d5 3. f3 dxe4 4. fxe4 e5 5. Nf3 exd4 6. Bc4 Be6 7. Bxe6 fxe6 8.
O-O Nf6 9. e5 Nd5 10. Ng5 d3 11. Kh1 dxc2 12. Qxc2 Qc8 13. Nf7 Nd7 14. Nxh8 Nxe5
15. Qxh7 Nf6 16. Rxf6 gxf6 17. Bf4 Qd7 18. Qh5+ Nf7 19. Nc3 e5 20. Rd1 Qe6 21.
Bh6 Bxh6 22. Nxf7 Qxf7 23. Qxh6 Ke7 24. Qd2 Qe6 25. Ne4 b6 26. Qh6 Rf8 27. Qh7+
Rf7 28. Qg6 Qxa2 29. Nd6 Rf8 30. Nf5+ {Black resigns} 1-0

[Event "Team 45 45 League T75"]
[Site "Internet Chess Club"]
[Date "2018.02.11"]
[Round "8"]
[White "julesraider"]
[Black "MartyJR"]
[Result "1/2-1/2"]
[WhiteElo "1509"]
[BlackElo "1457"]
[Opening "QGD Slav: 4.e3"]
[ECO "D11"]
[Time "12:00:11"]
[TimeControl "2700+45"]

1. d4 d5 2. c4 c6 3. Nf3 Nf6 4. e3 e6 5. b3 Nbd7 6. Bb2 Bd6 7. Bd3 O-O 8. Nbd2
Re8 9. O-O e5 10. dxe5 Nxe5 11. Qc2 Nxd3 12. Qxd3 dxc4 13. Qxc4 Be6 14. Qc3 Bf8
15. Qc2 h6 16. h3 Nd5 17. a3 Qc7 18. Rac1 Rac8 19. e4 Nf4 20. Rfe1 Red8 21. Re3
Qd7 22. Nc4 Bxc4 23. Qxc4 Ng6 24. b4 Re8 25. e5 Qe6 26. Nd4 Qxc4 27. Rxc4 Nxe5
28. Rc2 Rcd8 29. f4 Ng6 30. Rxe8 Rxe8 31. g3 Rd8 32. Kf2 Ne7 33. Kf3 Nd5 34. Nf5
Nf6 35. Nd4 Nd5 {Game drawn by mutual agreement} 1/2-1/2

[Event "Team 45 45 League T75"]
[Site "Internet Chess Club"]
[Date "2018.02.10"]
[Round "8"]
[White "seattleblues"]
[Black "g8wrb"]
[Result "1/2-1/2"]
[WhiteElo "1362"]
[BlackElo "1411"]
[Opening "Queen's Indian defense"]
[ECO "A47"]
[Time "06:02:00"]
[TimeControl "2700+45"]

1. d4 Nf6 2. Nf3 b6 3. Bf4 Bb7 4. e3 e6 5. Nbd2 Bd6 6. Bg3 Bxg3 7. hxg3 O-O 8.
Bd3 h6 9. c3 Re8 10. Qc2 d6 11. O-O-O Nbd7 12. Rh3 Ng4 13. Rf1 Ndf6 14. Ne4 e5
15. Kb1 exd4 16. Nxf6+ Qxf6 17. cxd4 Bxf3 18. gxf3 Qxf3 19. Be2 Qe4 20. Qxe4
Rxe4 21. Bf3 Nxe3 22. fxe3 Rxe3 23. Bxa8 Kh7 24. Bd5 f6 25. Rfh1 c5 26. dxc5
dxc5 27. g4 Re5 28. Bb3 b5 29. Rd1 c4 30. Bc2+ Kg8 31. Rd8+ Kf7 32. Rd7+ Ke6 33.
Rxa7 Re1+ 34. Bd1 Rxd1+ 35. Kc2 Rd5 36. Ra6+ Ke5 37. Re3+ Kf4 38. Re1 Rg5 39.
Rf1+ Kg3 40. Re6 Kg2 41. Rf5 Rxg4 42. Re2+ Kg3 43. Rff2 h5 44. Rg2+ Kf3 45.
Ref2+ Ke3 46. Re2+ Kf3 47. Ref2+ Ke3 48. Rh2 b4 49. Re2+ Kf3 50. Kd2 h4 51.
Ref2+ Kg3 52. Rhg2+ Kh3 53. Rh2+ Kg3 54. Rfg2+ Kf3 55. Rxg4 Kxg4 56. Ke2 g5 57.
Kf2 f5 58. Ke3 Kg3 59. Rh1 h3 60. Rg1+ Kh4 61. Kf3 g4+ 62. Kf4 h2 63. Rh1 g3 64.
Kxf5 g2 65. Rxh2+ Kg3 66. Rxg2+ Kxg2 67. Ke4 c3 68. bxc3 bxc3 69. Kd3 Kf3 70.
Kxc3 Ke4 71. Kb4 Kd5 72. Kb5 Kd6 73. a4 Kc7 74. Ka6 Kb8 75. Kb6 Ka8 76. a5 Kb8
{Game drawn by mutual agreement} 1/2-1/2

[Event "Team 45 45 League T75"]
[Site "Internet Chess Club"]
[Date "2018.02.09"]
[Round "8"]
[White "oldprez1"]
[Black "stantheman59"]
[Result "1-0"]
[WhiteElo "1267"]
[BlackElo "1206"]
[Opening "English: Sicilian reversed"]
[ECO "A25"]
[Time "20:01:51"]
[TimeControl "2700+45"]

1. c4 e5 2. Nc3 Nc6 3. g3 b6 4. Bg2 Bc5 5. Nf3 Nf6 6. O-O O-O 7. e4 Nd4 8. Nxe5
Bb7 9. d3 Re8 10. Nf3 Nxf3+ 11. Qxf3 h6 12. a3 a5 13. Be3 Be7 14. Qe2 c6 15. f4
Nh7 16. e5 Bc5 17. Bxc5 bxc5 18. Ne4 d6 19. Nxd6 Qxd6 20. Qc2 Qd4+ 21. Kh1 Rad8
22. Be4 Nf8 23. Rab1 Ne6 24. Qb3 Qd7 25. Qc3 a4 26. Bf5 Qd4 27. Qa5 Ra8 28. Qd2
Bc8 29. Be4 Bd7 30. Rfe1 Bc8 31. Bxc6 Rd8 32. Bxa8 Qxd3 33. Qxd3 Rxd3 34. Be4
Rd4 35. Bd5 Nc7 36. Red1 Bf5 37. Rbc1 Rxd1+ 38. Rxd1 g5 39. Bc6 Bc2 40. Rd7 Ne6
41. Ra7 gxf4 42. gxf4 Nxf4 43. Bxa4 Bxa4 44. Rxa4 Nd3 45. Ra8+ Kg7 46. Re8 Nxb2
47. Rc8 Nxc4 48. Rxc5 Nxa3 49. Kg2 Kg6 50. Rc6+ Kh5 51. e6 fxe6 52. Rxe6 Nc4 53.
Kg3 Kg5 54. h4+ Kh5 55. Kf4 Nd2 56. Re5+ Kxh4 57. Re2 Nf1 58. Rf2 Kh3 59. Rxf1
Kg2 60. Rf3 Kh2 61. Rg3 h5 62. Rg5 h4 63. Kg4 h3 64. Rh5 Kg2 65. Rxh3 Kg1 66.
Ra3 Kf2 67. Rb3 Ke2 68. Kf4 Kd2 69. Ke4 Kc2 70. Rd3 Kb2 71. Kd4 Kc2 72. Kc4 Kb2
73. Rc3 Ka2 74. Rc2+ Ka3 75. Kc3 Ka4 76. Kc4 Ka3 77. Rh2 {Black resigns} 1-0

[Event "Team 45 45 League T75"]
[Site "Internet Chess Club"]
[Date "2018.02.08"]
[Round "8"]
[White "rhayder"]
[Black "pita"]
[Result "0-1"]
[WhiteElo "1222"]
[BlackElo "1174"]
[Opening "Sicilian: accelerated fianchetto, exchange variation"]
[ECO "B34"]
[Time "12:03:28"]
[TimeControl "2700+45"]

1. e4 c5 2. Nf3 Nc6 3. d4 cxd4 4. Nxd4 g6 5. Nxc6 bxc6 6. Be3 Bg7 7. c3 Nf6 8.
Nd2 O-O 9. e5 Nd5 10. Bd4 Qc7 11. Nf3 c5 12. Be3 Nxe3 13. fxe3 Bb7 14. Be2 Bxe5
15. Nxe5 Qxe5 16. Bf3 Qxe3+ 17. Qe2 Qxe2+ 18. Kxe2 Bxf3+ 19. Kxf3 d5 20. Rhe1 e6
21. Rad1 Rfe8 22. Ke2 Kg7 23. Kd2 e5 24. Kc2 Rad8 25. Kb3 e4 26. Ka4 d4 27. Kb5
Re5 28. Kc4 d3 29. a3 e3 30. Rxd3 Re4+ {White resigns} 0-1

[Event "Team 45 45 League T75"]
[Site "Internet Chess Club"]
[Date "2018.02.08"]
[Round "8"]
[White "az2112"]
[Black "RonaldoR"]
[Result "0-1"]
[WhiteElo "1569"]
[BlackElo "1551"]
[Opening "Caro-Kann: advance variation"]
[ECO "B12"]
[Time "18:00:40"]
[TimeControl "2700+45"]

1. e4 c6 2. d4 d5 3. e5 c5 4. c3 Nc6 5. Nf3 Bg4 6. Be2 e6 7. Nbd2 Nge7 8. h3
Bxf3 9. Nxf3 Ng6 10. O-O cxd4 11. cxd4 Be7 12. Qb3 Qc7 13. Be3 O-O 14. Rac1 Rac8
15. Rfd1 Qb8 16. Bg5 Bxg5 17. Nxg5 Nxd4 18. Qe3 Rxc1 19. Rxc1 Nxe2+ 20. Qxe2
Qxe5 21. Qxe5 Nxe5 22. Rc7 h6 {White resigns} 0-1

[Event "Team 45 45 League T75"]
[Site "Internet Chess Club"]
[Date "2018.02.07"]
[Round "8"]
[White "liujf"]
[Black "joaoazm"]
[Result "0-1"]
[WhiteElo "1469"]
[BlackElo "1482"]
[Opening "Petrov: Nimzovich attack"]
[ECO "C42"]
[Time "19:30:11"]
[TimeControl "2700+45"]

1. e4 e5 2. Nf3 Nf6 3. Nxe5 d6 4. Nf3 Nxe4 5. Nc3 Nxc3 6. bxc3 Be7 7. d4 O-O 8.
Bd3 Bf6 9. O-O Be6 10. Bf4 Nc6 11. Rb1 Rb8 12. a3 Bd5 13. Re1 Re8 14. Nd2 Rxe1+
15. Qxe1 Bg5 16. Bxg5 Qxg5 17. Ne4 Qe7 18. f3 Ba2 19. Rb2 Be6 20. Bb5 Na5 21.
Qe2 b6 22. Rb1 d5 23. Nd2 Qxa3 24. c4 dxc4 25. Nxc4 Bxc4 26. Bxc4 Qa4 27. Bb5
Qxd4+ 28. Kh1 Rd8 29. Re1 Qd6 30. Bd3 g6 31. Qe4 Nc6 32. h3 a5 33. Bb5 Nd4 34.
Rd1 Qc5 35. Ba4 c6 36. Qd3 Qb4 37. Bb3 Ne6 38. Qe2 Rxd1+ 39. Qxd1 Nd4 40. Ba2
Kg7 {White resigns} 0-1

[Event "Team 45 45 League T75"]
[Site "Internet Chess Club"]
[Date "2018.02.09"]
[Round "8"]
[White "seattleblues"]
[Black "Pawnchain"]
[Result "1/2-1/2"]
[WhiteElo "1359"]
[BlackElo "1382"]
[Opening "Dutch"]
[ECO "A80"]
[Time "05:02:43"]
[TimeControl "2700+45"]

1. d4 f5 2. Nf3 Nf6 3. c4 e6 4. Nc3 b6 5. Bf4 Bb4 6. Qc2 Bxc3+ 7. Qxc3 d6 8. e3
O-O 9. Be2 Bb7 10. O-O Nbd7 11. Rad1 Qe8 12. b4 Ne4 13. Qb3 c5 14. bxc5 dxc5 15.
d5 e5 16. Bg5 Nd6 17. Qb2 e4 18. Ne1 Qg6 19. Bf4 Rae8 20. a4 a5 21. f3 exf3 22.
Rxf3 Ne4 23. Bd3 Qf6 24. Qc2 Ba6 25. Qc1 g5 26. Bc7 Ne5 27. Bxe5 Qxe5 28. Nc2
Nd6 29. Na3 Rf6 30. Qa1 Qxa1 31. Rxa1 Ref8 32. Raf1 Bc8 33. Nc2 f4 34. exf4 gxf4
35. Ne1 Bg4 36. R3f2 Kg7 37. h3 Bd7 38. Ra2 Nf7 39. Nf3 h6 40. Nd2 Ne5 41. Ne4
Nxd3 42. Nxf6 Rxf6 43. Ra3 Nb4 {Game drawn by mutual agreement} 1/2-1/2

[Event "Team 45 45 League T75"]
[Site "Internet Chess Club"]
[Date "2018.02.12"]
[Round "8"]
[White "QuimCatala"]
[Black "Conjurer"]
[Result "1-0"]
[WhiteElo "1215"]
[BlackElo "1265"]
[Opening "Sicilian defense"]
[ECO "B33"]
[Time "14:00:59"]
[TimeControl "2700+45"]

1. e4 c5 2. Nf3 Nc6 3. d4 cxd4 4. Nxd4 Nf6 5. Nc3 e6 6. f3 Bc5 7. Be3 Qa5 8. Nb3
Qc7 9. Bxc5 b6 10. Nb5 Qe5 11. Nd6+ Ke7 12. Nc4+ bxc5 13. Nxe5 Nxe5 14. Nxc5 d5
15. Bb5 a6 16. Qd4 Nc4 17. Bxc4 dxc4 18. O-O Rd8 19. Qxc4 Nd7 20. Rad1 Nb6 21.
Qb4 Rb8 22. Nb7+ {Black resigns} 1-0

[Event "Team 45 45 League T75"]
[Site "Internet Chess Club"]
[Date "2018.02.12"]
[Round "8"]
[White "ILRE"]
[Black "UrsaMajor"]
[Result "1-0"]
[WhiteElo "1617"]
[BlackElo "1440"]
[Opening "Queen's pawn game, Darooha variation "]
[ECO "D02"]
[Time "17:01:39"]
[TimeControl "2700+45"]

1. d4 Nf6 2. Nf3 d5 3. c3 e6 4. Bg5 h6 5. Bh4 Be7 6. Nbd2 b6 7. e3 O-O 8. Bd3 c5
9. Ne5 Bd7 10. f4 Nc6 11. Bg3 cxd4 12. exd4 a6 13. a4 Ne8 14. O-O Nd6 15. Qe2
Nf5 16. Bf2 Nxe5 17. fxe5 Qe8 18. Nf3 g6 19. g4 Ng7 20. Be3 Bxa4 21. Bxh6 Bb5
22. Bg5 Bxd3 23. Qxd3 f5 24. exf6 Bxf6 25. Rxa6 Rxa6 26. Qxa6 Qd8 27. Bxf6 Rxf6
28. Ne5 Rxf1+ 29. Qxf1 Qg5 30. Kh1 Kh7 31. Qh3+ Kg8 32. Qh8+ Kxh8 33. Nf7+ Kh7
34. Nxg5+ Kh6 35. h4 b5 36. Kg2 Ne8 37. Nxe6 Nd6 38. Nc7 Nc4 39. b4 Ne3+ 40. Kf3
Nc4 41. Nxd5 Nd2+ 42. Ke3 Nf1+ 43. Kf4 Nd2 44. Nc7 {Black resigns} 1-0

[Event "Team 45 45 League T75"]
[Site "Internet Chess Club"]
[Date "2018.02.08"]
[Round "8"]
[White "mongmong"]
[Black "MartyJR"]
[Result "1-0"]
[WhiteElo "1472"]
[BlackElo "1454"]
[Opening "QGD Slav: 4.e3"]
[ECO "D11"]
[Time "20:00:18"]
[TimeControl "2700+45"]

1. d4 d5 2. Nf3 Nf6 3. e3 c6 4. c4 e6 5. Bd3 Nbd7 6. O-O dxc4 7. Bxc4 b5 8. Bd3
a6 9. a4 Bb7 10. e4 Be7 11. Qe2 O-O 12. Bg5 h6 13. Bh4 Nb6 14. axb5 cxb5 15. b3
Nh7 16. Bxe7 Qxe7 17. Nbd2 Nf6 18. Rfc1 Rfc8 19. Qd1 Qd8 20. Rxc8 Rxc8 21. Rc1
Rxc1 22. Qxc1 Qc8 23. Qxc8+ Nxc8 24. Kf1 Nb6 25. Ke2 Kf8 26. Ne1 Nh7 27. f3 Nf6
28. Nc2 Ke7 29. Ke3 Kd7 30. g3 Kc7 31. Ne1 Bc6 32. h4 h5 33. Ng2 g6 34. Nf4 Kd7
35. Nf1 a5 36. Nd2 b4 37. Nc4 Nxc4+ 38. Bxc4 Kc7 39. Nh3 Kb6 40. Ng5 Be8 41. Kd3
Kc6 42. Nh3 Bd7 43. Nf2 Be8 44. g4 hxg4 45. Nxg4 Nxg4 46. fxg4 Kb6 47. h5 gxh5
48. gxh5 f6 49. h6 Bg6 50. Bxe6 Kc6 51. Bg8 f5 52. exf5 Bxf5+ 53. Kc4 Kd6 54. h7
Bxh7 55. Bxh7 Kc6 56. Bg8 Kd6 57. Kb5 a4 58. Kxa4 {Black resigns} 1-0

[Event "Team 45 45 League T75"]
[Site "Internet Chess Club"]
[Date "2018.02.09"]
[Round "8"]
[White "BrianWood"]
[Black "Kingofknights"]
[Result "1/2-1/2"]
[WhiteElo "1519"]
[BlackElo "1458"]
[Opening "Benoni defense"]
[ECO "A56"]
[Time "16:30:21"]
[TimeControl "2700+45"]

1. d4 Nf6 2. c4 c5 3. e3 d5 4. Nf3 Nc6 5. Nc3 Bf5 6. cxd5 Nxd5 7. a3 e6 8. Bb5
Nxc3 9. bxc3 Be7 10. O-O O-O 11. Bxc6 bxc6 12. Ne5 Qc7 13. c4 f6 14. Nf3 Rfd8
15. Nh4 Bg6 16. Nxg6 hxg6 17. Qg4 Kf7 18. Rd1 f5 19. Qf3 e5 20. dxe5 Qxe5 21.
Rb1 Qe6 22. Bb2 Qxc4 23. Qxc6 Rxd1+ 24. Rxd1 Rb8 25. Bd4 Qe2 26. Qd5+ Kf8 27.
Bxc5 Bxc5 28. Qxc5+ Kg8 29. Qd6 Rb2 30. Qd8+ Kh7 31. Qh4+ Kg8 32. Rd8+ Kf7 33.
Rd7+ Kg8 34. Rd8+ {Game drawn by mutual agreement} 1/2-1/2